 Dungeon Crawl Stone Soup version 0.29-a0-598-gd8304a5bf4 (webtiles) character file.

Game seed: 2861753583712135362

185486 Pooter the Severer (level 17, -7/162 HPs)
             Began as a Minotaur Berserker on June 14, 2022.
             Was an Elder of Trog.
             Mangled by a +3 glaive of venom (28 damage)
             ... on level 3 of the Elven Halls on June 16, 2022.
             The game lasted 03:56:45 (42335 turns).

Pooter the Severer (Minotaur Berserker)            Turns: 42335, Time: 03:56:46

Health: -7/162     AC: 25    Str: 28    XL:     17   Next: 81%
Magic:  16/16      EV: 12    Int:  6    God:    Trog [****..]
Gold:   2393       SH:  0    Dex: 15    Spells: 16/16 levels left

rFire   + + .      SeeInvis +   a - +10 broad axe "Tehecrih" {freeze, *Noise rElec rN+++ rCorr}
rCold   + + .      Faith    .   (no shield)
rNeg    + + +      Spirit   .   n - +4 plate armour {rC+}
rPois   +          Reflect  .   g - +2 hat {Will+}
rElec   +          Harm     .   L - +1 cloak of Fae Wonder {rCorr}
rCorr   +          Rampage  .   O - +0 pair of gloves
Will    +++++      NoCast   +   U - +2 pair of boots {Fly}
Stlth   +.........              P - amulet "Niduidaz" {Acrobat -Cast rPois rC+}
HPRegen 1.37/turn               X - ring "Opir" {Fire SInv Stlth+}
MPRegen 0.15/turn               i - ring "Ruegej" {rPois rF+ rC+ Will+ Dex+3}

@: strong-willed, corroded, flying, regenerating
A: horns 2, retaliatory headbutt, thin skeletal structure 1, shaggy fur 1,
subdued magic 1
a: Renounce Religion, Berserk, Trog's Hand, Brothers in Arms


You were on level 3 of the Elven Halls.
You worshipped Trog.
Trog was greatly pleased with you.
You visited 4 branches of the dungeon, and saw 26 of its levels.

You collected 4000 gold pieces.
You spent 1607 gold pieces at shops.

Inventory:

Hand Weapons
 a - the +10 broad axe "Tehecrih" (weapon) {freeze, *Noise rElec rN+++ rCorr}
   (You found it on level 15 of the Dungeon)

   It freezes those it strikes, dealing additional cold damage.
   It can also slow down cold-blooded creatures.
   rElec:     It insulates you from electricity.
   rN:        It renders you almost immune to negative energy.
   *Noise:    It may make noises in combat.
   rCorr:     It protects you from acid and corrosion.
 b - a +0 arbalest of freezing
   (You took it off a yaktaur on level 11 of the Dungeon)
 v - a +6 great mace of protection
   (You took it off an orc warlord on level 2 of the Orcish Mines)
 W - a +2 vorpal broad axe
   (You acquired it on level 2 of the Orcish Mines)
Missiles
 r - 9 silver javelins
 s - 4 atropa-tipped darts
 w - 6 boomerangs (quivered)
 y - 57 poisoned darts
 I - 10 datura-tipped darts
 N - 3 javelins
 Q - 754 stones
Armour
 g - a +2 hat of willpower (worn)
   (You took it off Gastronok on level 8 of the Dungeon)
 n - a +4 plate armour of cold resistance (worn)
   (You took it off an orc warrior on level 2 of the Orcish Mines)
 E - a scarf of invisibility
   (You found it on level 5 of the Dungeon)
 L - the +1 cloak of Fae Wonder (worn) {rCorr}
   (You found it on level 6 of the Lair of Beasts)

   rCorr:     It protects you from acid and corrosion.
 O - a +0 pair of gloves (worn)
   (You found it on level 8 of the Dungeon)
 U - a +2 pair of boots of flying (worn)
   (You found it on level 2 of the Dungeon)
Jewellery
 i - the ring "Ruegej" (right hand) {rPois rF+ rC+ Will+ Dex+3}
   (You found it on level 6 of the Lair of Beasts)

   [ring of protection from fire]

   Dex:       It affects your dexterity (+3).
   rF:        It protects you from fire.
   rC:        It protects you from cold.
   rPois:     It protects you from poison.
   Will:      It increases your willpower.
 l - an amulet of faith {!P}
   (You found it on level 6 of the Dungeon)
 o - a +6 ring of strength
   (You found it on level 15 of the Dungeon)
 p - a ring of fire
   (You found it on level 3 of the Lair of Beasts)
 C - a ring of resist corrosion
   (You took it off a deep elf annihilator on level 3 of the Elven Halls)
 F - a ring of protection from fire
   (You took it off a deep elf blademaster on level 3 of the Elven Halls)
 H - a +6 ring of dexterity
   (You found it on level 6 of the Lair of Beasts)
 P - the amulet "Niduidaz" (around neck) {Acrobat -Cast rPois rC+}
   (You took it off a gnoll on level 11 of the Dungeon)

   [amulet of the acrobat]

   It increases your evasion while moving and waiting.
   rC:        It protects you from cold.
   rPois:     It protects you from poison.
   -Cast:     It prevents spellcasting.
 X - the ring "Opir" (left hand) {Fire SInv Stlth+}
   (You found it on level 2 of the Lair of Beasts)

   [ring of fire]

   It enhances your fire magic.
   rF:        It protects you from fire.
   rC:        It makes you vulnerable to cold.
   SInv:      It lets you see invisible.
   Stlth:     It makes you more stealthy.
 Y - the ring of Donynn {rN+ Will+}
   (You found it on level 2 of the Lair of Beasts)

   [ring of positive energy]

   rN:        It protects you from negative energy.
   Will:      It increases your willpower.
Wands
 d - a wand of iceblast (15)
   (You took it off Grum on level 8 of the Dungeon)
 f - a wand of flame (25)
   (You found it on level 2 of the Lair of Beasts)
 k - a wand of charming (3)
   (You found it on level 9 of the Dungeon)
 u - a wand of paralysis (2)
   (You found it on level 10 of the Dungeon)
 D - a wand of digging (4)
   (You took it off a deep elf zephyrmancer on level 3 of the Elven Halls)
 J - a wand of mindburst (5)
   (You found it on level 13 of the Dungeon)
Scrolls
 e - 3 scrolls of silence
 t - 16 scrolls of teleportation {@r4}
 B - 2 scrolls of fog
 K - a scroll of blinking
 S - a scroll of magic mapping
 T - 3 scrolls of summoning
 V - 2 scrolls of poison {!r}
Potions
 c - a potion of might
 h - 4 potions of lignification {!q}
 j - 7 potions of flight
 m - 7 potions of heal wounds {@q2}
 q - 16 potions of curing {@q1}
 x - a potion of haste {@q3}
 z - 7 potions of mutation {!q}
 A - a potion of invisibility
 G - 3 potions of attraction {!q}
 R - 2 potions of cancellation
 Z - 5 potions of ambrosia
Miscellaneous
 M - a condenser vane (inert)
   (You found it on level 9 of the Dungeon)


   Skills:
 - Level 17.4 Fighting
 - Level 17.9(19.2) Axes
 * Level 11.1(15.8) Maces & Flails
 - Level 4.0(12.4) Polearms
 - Level 16.0 Crossbows
 - Level 10.4 Throwing
 + Level 10.7 Armour
 + Level 9.7 Dodging
 + Level 8.0 Stealth
 - Level 10.5 Evocations


You had 16 spell levels left.
You didn't know any spells.
Your spell library was empty.

Dungeon Overview and Level Annotations

Branches:
Dungeon (15/15)            Temple (0/1) D:7            Lair (6/6) D:8
 Shoals (0/4) Lair:4        Snake (0/4) Lair:4        Slime (0/5) Lair:5
    Orc (2/2) D:12            Elf (3/3) Orc:2        Vaults (0/5) D:13
 Depths (0/4) D:15

Altars:
Ashenzari
Fedhas
Ru
Sif Muna
Wu Jian
Xom
Beogh
Lugonu

Shops:
D:12 (:   Orc:2 **([   Elf:1 (   Elf:3 !

Portals:
Trove: D:10 (give +4 fire dragon scales)

Annotations:
Elf:2 2 transporters, 5 runed translucent doors, DocClef's ghost, adept GnDe


Innate Abilities, Weirdness & Mutations

You have a pair of horns on your head.
You reflexively headbutt those who attack you in melee.
You have a somewhat thin skeletal structure. (Dex +2, Stealth+)
You are covered in fur. (AC +1)
Your spells are a little easier to cast, but a little less powerful.


Message History

The deep elf high priest is engulfed in poison gas.
The deep elf high priest looks as sick as possible!
The deep elf elementalist is engulfed in poison gas.
The deep elf elementalist looks as sick as possible!
The deep elf high priest looks as sick as possible!
The deep elf high priest hits you but does no damage.
You hit the deep elf demonologist. You freeze the deep elf demonologist.
You kill the deep elf demonologist!
Trog accepts your kill.
Trog appreciates your killing of a magic user.
The ice devil disappears in a puff of smoke!
The rust devil disappears in a puff of smoke!
The ice devil disappears in a puff of smoke!
You hit the earth elemental but do no damage.
You slash the earth elemental! You hit the deep elf high priest.
You freeze the deep elf high priest.
The +3 glaive of venom hits you but does no damage.
The deep elf elementalist is engulfed in poison gas.
The deep elf elementalist looks as sick as possible!
The deep elf elementalist points next to you and mumbles some strange words.
Some walls begin to move on their own!
The deep elf high priest is engulfed in poison gas.
The deep elf high priest looks as sick as possible!
The deep elf high priest invokes the aid of its god against you.
Something smites you!
The deep elf high priest is engulfed in poison gas.
The deep elf high priest looks as sick as possible!
The deep elf high priest hits you but does no damage.
Your Stealth skill increases to level 8!
You hit the deep elf high priest but do no damage.
You headbutt the deep elf high priest! You hit the earth elemental. x2
You kill the deep elf high priest!
Trog accepts your kill.
The +3 glaive of venom hits you from afar!!
* * * LOW HITPOINT WARNING * * *
The earth elemental hits you!!
* * * LOW HITPOINT WARNING * * *
The earth elemental hits you!!
* * * LOW HITPOINT WARNING * * *
Aim: a +3 glaive of venom (poison gas)
The mass of ice explodes!
The iceblast engulfs the +3 glaive of venom.
The +3 glaive of venom partially resists.
The iceblast engulfs the deep elf high priest!
You kill the deep elf high priest!
Trog accepts your kill.
The deep elf elementalist is engulfed in poison gas.
The deep elf elementalist looks as sick as possible!
The +3 glaive of venom hits you from afar!!
You die...

.....^...#...## #.# #..≈≈≈.#
[........##§## #.# #.....)#
.........##§######.#######'##
......[).##§§§..))..######.#
.........)§§§§####.........#
...#....####§§§######.##.###
...##..## ##§§#.E§##.##'##
...##### #§§§EEE.##.#...#
#### #####@##*####### #§§§§§#
#§(§§§# ##§e§## *##§##*
***,§§§,*** ***,,,§§§,,,***
****,,,,,§§§,,,,,****
****,,,,,,,,,,,,,,,,,,,****


You could see a deep elf elementalist (empowered, repels missiles, extremely
poisoned), 4 earth elementals and a +3 glaive of venom.

Vanquished Creatures
  Jorgrun (Orc:2)
  Rupert (Lair:6)
  Zenata (Elf:2)
  A deep elf master archer (Elf:3)
  A deep elf blademaster (Elf:3)
  Kirke (D:13)
  Gastronok (D:8)
  4 deep elf sorcerers (Elf:3)
  An orc warlord (Orc:2)
  The ghost of Tulew the Transmogrifier, a journeyman NaTm of Cheibriados (Lair:3)
  2 deep elf elementalists (Elf:3)
  2 very ugly things (D:15)
  Azrael (D:13)
  5 deep elf demonologists (Elf:3)
  The ghost of Muulud the Spry, a journeyman SpBe of Trog (Lair:5)
  9 deep elf annihilators (Elf:3)
  3 minotaurs
  6 crystal guardians (Elf:3)
  Snorg (Orc:1)
  A deep elf death mage (Elf:3)
  A great orb of eyes (D:15)
  7 deep elf high priests (Elf:3)
  Fannar (D:11)
  5 hydras
  Erolcha (D:9)
  3 boulder beetles
  5 vault guards (D:13)
  5 catoblepae
  An ogre mage (D:13)
  2 death knights
  Erica (D:8)
  7 centaur warriors
  10 dancing weapons
  2 orc high priests
  22 death yaks
  4 two-headed ogres
  Urug (D:13)
  14 deep elf knights
  5 skeletal warriors
  Lodul (D:14)
  A wizard (D:15)
  16 deep elf archers
  A swamp dragon (shapeshifter) (D:15)
  2 orc knights
  24 deep elf pyromancers
  5 manticores
  6 orc sorcerers
  6 ugly things
  21 deep elf zephyrmancers
  6 cyclopes
  Maurice (Orc:1)
  17 elephants
  A guardian serpent (Lair:4)
  Joseph (D:9)
  6 black mambas
  A torpor snail (Lair:5)
  An ice statue (Lair:2)
  3 rime drakes
  16 cane toads
  7 kobold demonologists
  A yaktaur (shapeshifter) (Elf:1)
  13 komodo dragons
  A freezing wraith (Lair:2)
  9 yaktaurs (D:11)
  3 tengu conjurers
  A wind drake (Lair:4)
  2 polar bears (Lair:2)
  12 blink frogs
  7 trolls
  A hornet (Lair:5)
  20 slime creatures
  A dream sheep (Lair:5)
  A centaur simulacrum (D:14)
  2 water elementals
  6 wyverns
  4 air elementals
  3 shadows
  A vampire (D:11)
  2 humans (D:13)
  A wraith (D:9)
  4 fire elementals
  5 hogs (D:13)
  2 steam dragons
  Grum (D:8)
  78 yaks
  A yak (shapeshifter) (Elf:1)
  6 vampire mosquitoes
  A golden eye (shapeshifter) (Elf:3)
  4 basilisks
  6 wargs
  13 water moccasins
  Edmund (D:4)
  3 acid dragons
  5 hell hounds (D:13)
  37 orc warriors
  7 ice beasts
  16 wolves
  5 black bears
  13 ogres
  18 centaurs
  A phantom (D:6)
  3 kobold brigands
  13 bullfrogs
  A necrophage (D:5)
  A gnoll sergeant (D:12)
  3 earth elementals (Elf:1)
  6 scorpions
  5 wights (D:8)
  4 killer bees
  3 electric eels (D:11)
  A jelly (D:6)
  2 hounds
  7 orc priests
  2 iguanas
  16 orc wizards
  Robin (D:3)
  21 gnolls
  8 adders
  A white imp (Lair:2)
  2 dart slugs
  3 worms
  55 orcs
  9 ball pythons
  7 endoplasms
  A giant cockroach (D:4)
  17 goblins
  15 hobgoblins
  8 jackals
  3 quokkas
  7 bats
  4 frilled lizards
  13 kobolds
  6 rats
850 creatures vanquished.

Vanquished Creatures (collateral kills)
  A hydra (Lair:5)
  A cane toad (Lair:5)
  A komodo dragon (Lair:5)
  A dream sheep (Lair:5)
  A gnoll sergeant (D:10)
  2 orc priests (D:6)
  4 gnolls (D:10)
  2 orcs
13 creatures vanquished.

Vanquished Creatures (others)
  A deep elf pyromancer (Elf:2)
  3 centaurs (Orc:2)
  An orc priest (D:6)
  An orc (D:10)
  2 demonic plants (D:10)
  17 fungi
  42 plants
67 creatures vanquished.

Grand Total: 930 creatures vanquished

Notes
Turn   | Place    | Note
-------+----------+-------------------------------------------
     0 | D:1      | Pooter the Minotaur Berserker began the quest for the Orb.
     0 | D:1      | Reached XP level 1. HP: 19/19 MP: 0/0
   109 | D:1      | Reached XP level 2. HP: 19/27 MP: 1/1
   779 | D:1      | Reached XP level 3. HP: 27/33 MP: 2/2
   941 | D:2      | Reached ** piety under Trog
  1207 | D:2      | Noticed a scorpion
  1213 | D:2      | Killed a scorpion
  1214 | D:2      | Reached skill level 5 in Axes
  1214 | D:2      | Reached XP level 4. HP: 41/41 MP: 3/3
  1311 | D:2      | Found a faded altar of an unknown god.
  1842 | D:3      | Noticed Robin
  1917 | D:3      | Killed Robin
  1918 | D:3      | Reached XP level 5. HP: 47/47 MP: 4/4
  2287 | D:3      | Reached skill level 1 in Evocations
  2417 | D:3      | Found a shimmering blue altar of Sif Muna.
  2865 | D:4      | Noticed Edmund
  2881 | D:4      | Killed Edmund
  2882 | D:4      | Reached skill level 5 in Fighting
  2882 | D:4      | Reached skill level 1 in Throwing
  2882 | D:4      | Reached XP level 6. HP: 24/56 MP: 5/5
  3166 | D:4      | Reached *** piety under Trog
  3584 | D:4      | Found a sacrificial altar of Ru.
  3843 | D:5      | Entered Level 5 of the Dungeon
  3848 | D:5      | Reached skill level 1 in Polearms
  3944 | D:5      | Reached XP level 7. HP: 61/61 MP: 6/6
  4033 | D:5      | Found a blossoming altar of Fedhas.
  4137 | D:5      | Found a shimmering altar of Xom.
  4606 | D:5      | Found the +7 staff of the Meek {protect, meekguard}
  4884 | D:6      | Reached XP level 8. HP: 53/70 MP: 7/7
  5586 | D:7      | Found a staircase to the Ecumenical Temple.
  6146 | D:8      | Noticed a two-headed ogre
  6149 | D:8      | Killed a two-headed ogre
  6150 | D:8      | Reached XP level 9. HP: 79/79 MP: 8/8
  6316 | D:8      | Found an ornate altar of the Wu Jian Council.
  6325 | D:8      | Noticed Erica
  6333 | D:8      | Killed Erica
  6334 | D:8      | Reached skill level 10 in Axes
  6352 | D:8      | Reached skill level 5 in Throwing
  6356 | D:8      | Reached **** piety under Trog
  6437 | D:8      | Noticed Grum
  6456 | D:8      | Reached skill level 5 in Evocations
  6466 | D:8      | Reached XP level 10. HP: 58/90 MP: 9/9
  6734 | D:8      | Found a staircase to the Lair.
  6774 | D:8      | Killed Grum
  7313 | D:8      | Noticed Gastronok
  7321 | D:8      | Killed Gastronok
  7664 | D:9      | Identified a scroll of acquirement
  7664 | D:9      | Acquired a manual of Fighting
  7899 | D:9      | Noticed a two-headed ogre
  7910 | D:9      | Killed a two-headed ogre
  8254 | D:9      | Noticed Joseph
  8272 | D:9      | Killed Joseph
  8273 | D:9      | Reached skill level 10 in Fighting
  8418 | D:9      | Found a broken altar of Ashenzari.
  8661 | D:9      | Noticed Erolcha
  8669 | D:9      | Reached XP level 11. HP: 100/100 MP: 10/10
  8674 | D:9      | Killed Erolcha
  9117 | D:10     | Entered Level 10 of the Dungeon
  9853 | D:10     | Noticed a skeletal warrior
  9853 | D:10     | Noticed a skeletal warrior
  9887 | D:10     | Killed a skeletal warrior
  9891 | D:10     | Killed a skeletal warrior
 10088 | D:10     | Found a portal to a secret trove of treasure.
 10129 | D:10     | Found a corrupted altar of Lugonu.
 10377 | D:10     | Noticed a skeletal warrior
 10392 | D:10     | Killed a skeletal warrior
 10451 | D:10     | Noticed a skeletal warrior
 10473 | D:10     | Killed a skeletal warrior
 10870 | Lair:1   | Entered Level 1 of the Lair of Beasts
 11908 | Lair:2   | Reached XP level 12. HP: 108/113 MP: 11/11
 11924 | Lair:2   | Reached skill level 15 in Axes
 12258 | Lair:2   | Identified the ring "Opir" {Fire SInv Stlth+}
 12346 | Lair:2   | Upgraded the game from 0.29-a0-582-ge82337ba6a to
                  | 0.29-a0-598-gd8304a5bf4
 12382 | Lair:2   | Noticed a six-headed hydra
 12392 | Lair:2   | Killed a four-headed hydra
 12540 | Lair:2   | Identified the ring of Donynn {rN+ Will+}
 12561 | Lair:2   | Noticed a catoblepas
 12577 | Lair:2   | Killed a catoblepas
 13347 | Lair:3   | Noticed a death yak
 13351 | Lair:3   | Noticed a death yak
 13357 | Lair:3   | Noticed a death yak
 13357 | Lair:3   | Noticed a death yak
 13373 | Lair:3   | Killed a death yak
 13848 | Lair:3   | Found a runed translucent gate.
 13848 | Lair:3   | Found a runed translucent gate.
 13848 | Lair:3   | Found a runed translucent gate.
 13875 | Lair:3   | Noticed a minotaur
 13875 | Lair:3   | Noticed Tulew's ghost (journeyman NaTm)
 14036 | Lair:3   | Reached XP level 13. HP: 102/125 MP: 12/12
 15137 | Lair:3   | Reached skill level 15 in Fighting
 15347 | Lair:4   | Reached skill level 10 in Throwing
 15863 | Lair:4   | Found a staircase to the Shoals.
 16120 | Lair:4   | Found a staircase to the Snake Pit.
 16128 | Lair:4   | Reached skill level 1 in Stealth
 17011 | Lair:5   | Reached skill level 5 in Armour
 17011 | Lair:5   | Reached XP level 14. HP: 123/138 MP: 13/13
 17055 | Lair:5   | Found a staircase to the Slime Pits.
 17086 | Lair:5   | Found a transporter.
 17086 | Lair:5   | Noticed Muulud's ghost (journeyman SpBe)
 17094 | Lair:5   | Found a transporter.
 17475 | Lair:5   | Reached skill level 5 in Dodging
 17921 | Lair:6   | Entered Level 6 of the Lair of Beasts
 18293 | Lair:6   | Reached skill level 10 in Evocations
 18716 | Lair:6   | Noticed Rupert
 18731 | Lair:6   | Killed Rupert
 19218 | Lair:6   | Identified the ring "Ruegej" {rPois rF+ rC+ Will+ Dex+3}
 19222 | Lair:6   | Identified the +1 cloak of Fae Wonder {rCorr}
 19975 | D:11     | Gained mutation: You are covered in fur. (AC +1) [potion of
                  | mutation]
 19975 | D:11     | Lost mutation: You are covered in fur. (AC +1) [potion of
                  | mutation]
 19975 | D:11     | Gained mutation: You are covered in fur. (AC +1) [potion of
                  | mutation]
 19976 | D:11     | Lost mutation: You are covered in fur. (AC +1) [potion of
                  | mutation]
 19976 | D:11     | Gained mutation: You have a somewhat thin skeletal
                  | structure. (Dex +2, Stealth+) [potion of mutation]
 19976 | D:11     | Gained mutation: You are covered in fur. (AC +1) [potion of
                  | mutation]
 20033 | D:11     | Noticed Fannar
 20058 | D:11     | Killed Fannar
 20695 | D:11     | Identified the +6 halberd "Dragon's Tongue" {flame, rC+}
 21617 | D:11     | Reached skill level 1 in Crossbows
 21635 | D:11     | Identified the +4 hand crossbow "Qiduge" {elec, Will- Int+6
                  | SInv}
 21635 | D:11     | Identified the amulet "Niduidaz" {Acrobat -Cast rPois rC+}
 23202 | D:11     | Reached skill level 5 in Crossbows
 23368 | D:12     | Reached XP level 15. HP: 128/147 MP: 14/14
 23408 | D:12     | Found Ugas's Antique Weapon Emporium.
 23417 | D:12     | Found a staircase to the Orcish Mines.
 23428 | Orc:1    | Entered Level 1 of the Orcish Mines
 23466 | Orc:1    | Noticed Snorg
 23475 | Orc:1    | Killed Snorg
 23476 | Orc:1    | Noticed Maurice
 23480 | Orc:1    | Killed Maurice
 23958 | Orc:2    | Entered Level 2 of the Orcish Mines
 24026 | Orc:2    | Noticed Jorgrun
 24074 | Orc:2    | Killed Jorgrun
 25090 | Orc:2    | Found Fouquth's General Store.
 25090 | Orc:2    | Found Nent's Weapon Boutique.
 25092 | Orc:2    | Found Lorarah's Antique Armour Shop.
 25094 | Orc:2    | Found Zucar's Assorted Antiques.
 25100 | Orc:2    | Bought a scroll of enchant weapon for 105 gold pieces
 25117 | Orc:2    | Found a staircase to the Elven Halls.
 25256 | Orc:2    | Noticed an orc warlord
 25260 | Orc:2    | Reached ***** piety under Trog
 25269 | Orc:2    | Killed an orc warlord
 25270 | Orc:2    | Reached skill level 10 in Crossbows
 25646 | Orc:2    | Gained mutation: Your spells are a little easier to cast,
                  | but a little less powerful. [a neqoxec]
 26127 | D:12     | Found Jyvvoacyt's Book Shoppe.
 26864 | Orc:2    | Bought a scroll of acquirement for 1040 gold pieces
 26864 | Orc:2    | Acquired a +2 vorpal broad axe
 27945 | D:13     | Found a gate to the Vaults.
 28215 | D:13     | Noticed Urug
 28215 | D:13     | Noticed Kirke
 28221 | D:13     | Noticed a sphinx
 28230 | D:13     | Killed Urug
 28231 | D:13     | Killed Kirke
 29003 | D:13     | Noticed Azrael
 29015 | D:13     | Killed Azrael
 29754 | D:14     | Reached XP level 16. HP: 155/155 MP: 15/15
 30160 | D:14     | You are sucked into a shaft and drop 1 floor!
 30160 | D:15     | Entered Level 15 of the Dungeon
 30484 | D:14     | Noticed Lodul
 30489 | D:14     | Killed Lodul
 30939 | D:15     | Reached skill level 15 in Crossbows
 31096 | D:15     | Found a staircase to the Depths.
 31746 | D:15     | Identified the +10 broad axe "Tehecrih" {freeze, *Noise
                  | rElec rN+++ rCorr}
 32677 | Lair:3   | Killed Tulew's ghost
 32678 | Lair:3   | Reached skill level 1 in Maces & Flails
 32804 | Lair:5   | Reached skill level 5 in Stealth
 32835 | Lair:5   | Killed Muulud's ghost
 33121 | Elf:1    | Entered Level 1 of the Elven Halls
 33513 | Elf:1    | Found Ajeuschecu's Weapon Shoppe.
 33843 | Elf:1    | Reached skill level 5 in Maces & Flails
 34225 | Elf:1    | Received a gift from Trog
 34245 | Elf:2    | Paralysed by an air elemental for 1 turns
 34629 | Elf:2    | Noticed Zenata
 34644 | Elf:2    | Killed Zenata
 35259 | Elf:2    | Noticed DocClef's ghost (adept GnDe)
 35280 | Elf:2    | Noticed a storm dragon
 35280 | Elf:2    | a six-headed hydra changed into a storm dragon
 35288 | Elf:2    | a storm dragon changed into a catoblepas
 35382 | Elf:2    | Found a transporter.
 35504 | Elf:2    | Found a huge runed translucent gate.
 35504 | Elf:2    | Found a huge runed translucent gate.
 35504 | Elf:2    | Found a huge runed translucent gate.
 35504 | Elf:2    | Found a huge runed translucent gate.
 35508 | Elf:2    | Found a huge runed translucent gate.
 35661 | Elf:2    | Found a transporter.
 35896 | Elf:3    | Entered Level 3 of the Elven Halls
 35917 | Elf:3    | Reached XP level 17. HP: 157/162 MP: 16/16
 36863 | Elf:3    | Found Orraoc's Distillery.
 36871 | Elf:3    | Bought a potion of curing for 42 gold pieces
 36871 | Elf:3    | Bought a potion of curing for 42 gold pieces
 36871 | Elf:3    | Bought 2 potions of mutation for 224 gold pieces
 36871 | Elf:3    | Bought a potion of curing for 42 gold pieces
 36871 | Elf:3    | Bought a potion of heal wounds for 70 gold pieces
 36871 | Elf:3    | Bought a potion of curing for 42 gold pieces
 39077 | Elf:3    | Reached skill level 10 in Armour
 40371 | Elf:3    | Reached skill level 10 in Maces & Flails
 41469 | Elf:3    | Noticed a deep elf master archer
 41479 | Elf:3    | Noticed a Tzitzimitl
 41483 | Elf:3    | Killed a deep elf master archer
 41505 | Elf:3    | Noticed a Brimstone Fiend
 41750 | Elf:3    | Paralysed by an air elemental for 1 turns
 41761 | Elf:3    | Noticed a deep elf blademaster
 41775 | Elf:3    | Killed a deep elf blademaster
 42323 | Elf:3    | Identified the +6 war axe "Concordance" {freeze, rElec rF+}
 42335 | Elf:3    | Mangled by a +3 glaive of venom

Illustrated notes

Levels and vault maps discovered:
D:1:      giann_wishing_wells, layout_basic, serial_aquarium,
          aquarium_bridge_square [aquarium_subvault_bridge,
          aquarium_subvault_wall, aquarium_subvault_wall,
          aquarium_subvault_bridge], aquarium_bridge_straight
          [aquarium_subvault_bridge, aquarium_subvault_wall,
          aquarium_subvault_bridge, aquarium_subvault_window],
          aquarium_window_fake, aquarium_window_fake, aquarium_window_2,
          aquarium_view_2f, aquarium_view_2e, aquarium_pool_2
D:2:      layout_basic, hellmonk_ecumenical_altar_arch_garden,
          minmay_tetromino_o4
D:3:      layout_loops_cross, mainiacjoe_overflow_surrounded_room,
          minmay_tree_intersection, grunt_ministairs_10, uniq_robin
D:4:      layout_basic, mainiacjoe_overflow_24_doors, uniq_edmund
D:5:      layout_gridville, fedhas_altar_fruit_tree,
          mainiacjoe_overflow_catwalk, pf_guarded_unrand_meek
D:6:      layout_rooms
D:7:      layout_rooms, minmay_temple_entry_purple_smoke,
          chequers_serial_rivers_marsh
D:8:      layout_basic, nicolae_wu_jian_wuxing_cycle, minmay_lair_entry_grove,
          chequers_serial_rivers_micro_c, uniq_grum, uniq_erica, uniq_gastronok
D:9:      layout_roguey, ashenzari_conservatory_becter, st_stairs_7,
          minivault_24, uniq_joseph, uniq_erolcha
D:10:     kennysheep_kobold_lugonu_temple, layout_stronghold,
          nicolae_trove_entry_crystal
D:11:     fort_yaktaur, layout_rooms, uniq_fannar
D:12:     layout_loops_corners, orc_0_dummy, serial_shops,
          nicolae_shop_advertising_works [nicolae_subvault_shop_adworks], shop
D:13:     kennysheep_blocky_hall, layout_cave_pools,
          grunt_vaults_entry_fortified, uniq_azrael, uniq_urug, uniq_kirke
D:14:     layout_basic, uniq_lodul
D:15:     gammafunk_enter_depths_forms, layout_irregular_city,
          serial_co_window_serial, co_window_paths_a,
          co_window_of_opportunity_a, co_window_of_opportunity_a,
          co_window_corner_a, co_window_cross_1, co_window_paths_a,
          co_window_corner_a, co_window_paths_b, co_window_paths_a,
          co_window_broadway_b, co_window_paths_c, co_window_of_opportunity_c,
          co_window_corner_cb, co_window_corner_cb, co_window_2corner
Lair:1:   layout_cave_pods, grunt_megastairs_3
Lair:2:   layout_regular_city, ice2_lemuel
Lair:3:   layout_regular_city, maelrawn_ghost_gauntlet_escape,
          serial_bayou_pond_d
Lair:4:   layout_misc_corridors, minmay_shoals_entry_beasts,
          minmay_snake_entry_spellcaster, beast_lair_carwin_7
Lair:5:   layout_cave_pods, slime_dummy, nzn_ghost_randoct
Lair:6:   evilmike_catoblepas_cave, layout_regular_city, uniq_rupert
Orc:1:    layout_diamond_mine, nicolae_orc_flooded_monolith, uniq_snorg,
          uniq_maurice
Orc:2:    st_orc_rangers, layout_diamond_mine, uniq_jorgrun
Elf:1:    nicolae_elf_arrival_fired_up, layout_geoelf_octagon, serial_shops,
          nicolae_shop_crystal, evilmike_minifort, minmay_strange_pillars
Elf:2:    elven_hall_of_blades_hangedman_alternative
          [mumra_blade_entry_bloodbath], layout_geoelf_diagonals,
          gammafunk_ghost_berserking_beasts, columned_hall_lemuel, uniq_zenata
Elf:3:    minmay_elf_hall_golems, layout_gridlike, serial_shops,
          nicolae_shop_waterfront, minmay_misc_feat_cross

Skill      XL: |  1  2  3  4  5  6  7  8  9 10 11 12 13 14 15 16 17 |
---------------+----------------------------------------------------+-----
Axes           | 4 5 6 7 9 11 13 14 16 17 | 17.9
Fighting       | 4 5 6 7 8 10 12 14 16 17 | 17.4
Armour         | 3 5 7 8 10 | 10.7
Dodging        | 3 4 6 8 9 |  9.7
Evocations     | 1 2 4 5 6 7 8 9 10 | 10.5
Throwing       | 1 2 4 5 6 8 9 10 | 10.4
Polearms       | 1 2 4 |  4.0
Stealth        | 2 4 6 8 |  8.0
Crossbows      | 5 14 16 | 16.0
Maces & Flails | 7 11 | 11.1

Action                   |  1- 3 |  4- 6 |  7- 9 | 10-12 | 13-15 | 16-18 || total
-------------------------+-------+-------+-------+-------+-------+-------++-------
Melee: Hand axe          |    60 |     7 |       |       |       |       ||    67
       Headbutt          |     4 |    17 |    17 |   102 |   202 |   106 ||   448
       Flail             |       |   106 |       |       |       |       ||   106
       Halberd           |       |    32 |    54 |       |       |       ||    86
       Punch             |       |     1 |     1 |     3 |    15 |     7 ||    27
       War axe           |       |       |    78 |   400 |   762 |   108 ||  1348
       Scimitar          |       |       |       |     3 |     5 |       ||     8
       Great mace        |       |       |       |       |     5 |     3 ||     8
       Broad axe         |       |       |       |       |       |   298 ||   298
 Fire: Hunting sling     |       |    30 |    18 |    21 |    54 |       ||   123
       Arbalest          |       |       |       |       |   270 |   147 ||   417
       Hand crossbow     |       |       |       |       |    65 |       ||    65
Throw: Stone             |    29 |     9 |       |       |       |       ||    38
       Dart              |       |     3 |    31 |    29 |    46 |       ||   109
       Boomerang         |       |       |       |    52 |    92 |    47 ||   191
       Javelin           |       |       |       |       |    23 |    43 ||    66
Invok: Berserk           |     1 |     3 |     3 |    10 |    11 |     5 ||    33
       Trog's Hand       |       |     3 |     4 |    20 |    38 |    28 ||    93
       Brothers in Arms  |       |       |       |       |       |     3 ||     3
Evoke: Wand              |       |       |       |     2 |    27 |    25 ||    54
       Condenser vane    |       |       |       |     1 |     4 |     3 ||     8
  Use: Scroll            |     1 |     2 |     7 |    27 |    14 |     6 ||    57
       Potion            |       |       |       |     1 |     9 |     4 ||    14
 Stab: Paralysed         |       |       |       |       |    11 |       ||    11
       Invisible         |       |       |       |       |       |     3 ||     3
       Confused          |       |       |       |       |       |     1 ||     1
Armor: Animal skin       |     5 |       |       |       |       |       ||     5
       Ring mail         |    13 |     4 |       |       |       |       ||    17
       Chain mail        |       |   104 |    12 |       |       |       ||   116
       Scale mail        |       |       |    54 |   188 |   229 |       ||   471
       Plate armour      |       |       |       |       |   164 |   209 ||   373
Dodge: Dodged            |    41 |    91 |    71 |   200 |   433 |   202 ||  1038

Table legend: (Time is in decaauts)
 A = Elapsed time spent in this place.
 B = Non-inter-level travel time spent in this place.
 C = Inter-level travel time spent in this place.
 D = Time resting spent in this place.
 E = Time spent auto-exploring this place.
 F = Levels seen in this place.
 G = Mean time per level.
                   A        B        C        D        E       F      G
               +--------+--------+--------+--------+--------+-----+--------+
         Total |  42423 |  40518 |   1905 |  13931 |  19322 |  26 | 1631.7 |
       Dungeon |  21585 |  20428 |   1157 |   5499 |  11637 |  15 | 1439.0 |
          Lair |   8886 |   8488 |    398 |   1439 |   5465 |   6 | 1481.0 |
  Orcish Mines |   2781 |   2537 |    244 |   1074 |    578 |   2 | 1390.5 |
   Elven Halls |   9170 |   9065 |    105 |   5917 |   1642 |   3 | 3056.7 |
               +--------+--------+--------+--------+--------+-----+--------+

Top non-repeatable levels by time:
   Elf:3: 6173 daAuts
    D:10: 2880 daAuts
    D:11: 2812 daAuts
   Orc:2: 2171 daAuts
  Lair:3: 2149 daAuts
    D:13: 2000 daAuts
     D:8: 1928 daAuts
   Elf:2: 1723 daAuts
    D:15: 1602 daAuts
  Lair:4: 1555 daAuts
  Lair:6: 1507 daAuts
  Lair:2: 1451 daAuts
    D:12: 1418 daAuts
     D:9: 1320 daAuts
   Elf:1: 1274 daAuts
